 Dungeon Crawl Stone Soup version 0.20-a0-1017-gc3250ce (webtiles) character file.

96 HankScorpio the Cudgeler (level 4, -1/26 HPs)
             Began as a Gargoyle Gladiator on Apr 17, 2017.
             Killed by divine providence
             ... invoked by an orc priest
              (14 damage)
             ... on level 3 of the Dungeon.
             The game lasted 00:02:28 (1535 turns).

HankScorpio the Cudgeler (Gargoyle Gladiator)       Turns: 1535, Time: 00:02:29

Health: -1/26      AC:  9    Str: 17    XL:     4   Next: 67%
Magic:  4/4        EV: 14    Int:  9    God:
Gold:   127        SH:  3    Dex: 12    Spells: 3/3 levels left

rFire    . . .     SeeInvis .   a - +0 flail
rCold    . . .     Gourm    .   n - +0 buckler
rNeg     + . .     Faith    .   b - +0 leather armour
rPois    ∞         Spirit   .   c - +0 helmet
rElec    +         Reflect  .   s - +0 cloak (curse)
rCorr    .         Harm     .   (no gloves)
MR       .....                  k - +0 pair of boots
Stlth    +.........             (no amulet)
Regen    0.1/turn               v - +3 ring of evasion
MPRegen  0.1/turn               (no ring)

@: no status effects
A: negative energy resistance 1, electricity resistance, unbreathing,
petrification resistance, rot immunity, AC +3
a: no special abilities


You were on level 3 of the Dungeon.
You were not hungry.

You visited 1 branch of the dungeon, and saw 3 of its levels.

You collected 127 gold pieces.

Inventory:

Hand Weapons
 a - a +0 flail (weapon)
Missiles
 d - 3 throwing nets (quivered)
Armour
 b - a +0 leather armour (worn)
 c - a +0 helmet (worn)
 k - a +0 pair of boots (worn)
 n - a +0 buckler (worn)
 s - a cursed +0 cloak (worn)
Jewellery
 v - a +3 ring of evasion (left hand)
Scrolls
 e - a scroll of identify {unknown}
 g - a scroll of immolation {unknown}
 i - a scroll of blinking {unknown}
 m - a scroll of enchant weapon {unknown}
 q - a scroll of amnesia {unknown}
 t - a scroll of recharging {unknown}
 w - a scroll of fear {unknown}
Potions
 h - 2 potions of haste {unknown}
 l - a potion of lignification {unknown}
 o - 3 potions of curing {unknown}
 r - a potion of heal wounds {unknown}
 u - a potion of might {unknown}
Comestibles
 f - a bread ration
 j - 2 meat rations
 p - a royal jelly


   Skills:
 - Level 2.1 Fighting
 + Level 5.2 Maces & Flails
 - Level 1.7 Throwing
 - Level 2.4 Dodging


You had 3 spell levels left.
You didn't know any spells.

Dungeon Overview and Level Annotations

Branches:
Dungeon (3/15)

Altars:
Ru


Innate Abilities, Weirdness & Mutations

You are resistant to torment.
Your stone body is resilient. (AC +3)
You are immune to poison.
You resist negative energy. (rN+)
You are resistant to electric shocks. (rElec)
You can survive without breathing.
You are immune to petrification.
You are immune to rotting.


Message History

You closely miss the orc wizard.
The orc wizard hits you but does no damage.
The orc priest invokes the aid of Beogh against you.
Beogh smites you!
Ouch! That really hurt!
You hear a bark!
You barely miss the orc wizard.
The orc wizard gestures wildly while chanting.
The orc wizard flickers and vanishes!
Deactivating autopickup; reactivate with Ctrl-A.
Something hits you but does no damage.
You closely miss something.
You hear some strange, mumbled words.
A puff of flame appears from out of thin air!
The puff of flame hits you!
You closely miss something.
The orc priest calls down the wrath of Beogh upon you.
Beogh smites you!
Ouch! That really hurt!
You die...

###
#.##############
#...............
#.##########..##
#.# ##.# #.# #.#
#.# #.#
########.######
#.#.
#..ho{@........#
.#.#b
(...hh##...$###.#
##.## ##.##
#..#.# ......
####.# .# #


You could see an orc priest and 3 jackals.

Vanquished Creatures
  An orc wizard (D:2)
  2 adders
  A worm (D:2)
  A dart slug (D:1)
  A leopard gecko (D:1)
  An orc (D:3)
  13 goblins
  4 hobgoblins
  A quokka (D:2)
  3 bats
  7 frilled lizards
  2 kobolds
  7 rats
44 creatures vanquished.

Notes
Turn   | Place    | Note
-------+----------+-------------------------------------------
     0 | D:1      | HankScorpio the Gargoyle Gladiator began the quest for the Orb.
     0 | D:1      | Reached XP level 1. HP: 12/12 MP: 1/1
     6 | D:1      | Noticed a black bear
     6 | D:1      | Noticed a rime drake
     6 | D:1      | Noticed a wolf
     7 | D:1      | Noticed an anaconda
    38 | D:1      | Reached XP level 2. HP: 17/17 MP: 2/2
   232 | D:1      | Reached skill level 4 in Maces & Flails
   310 | D:1      | Reached XP level 3. HP: 20/21 MP: 3/3
   615 | D:2      | Found a sacrificial altar of Ru.
   625 | D:2      | Reached XP level 4. HP: 22/26 MP: 4/4
  1088 | D:2      | Reached skill level 5 in Maces & Flails
  1535 | D:3      | Killed from afar by an orc priest

Vault maps used:
D:1:      onia_arrival_zoo_common, minmay_tetromino_i2
D:2:      nicolae_ru_great_annihilating_truth
D:3:      cheibrodos_fertilizer, serial_aquarium, aquarium_bridge_long_joined,
          aquarium_window_1, aquarium_window_1, aquarium_view_2e,
          aquarium_view_2f, hex_tiny, hangedman_decor_points

Skill      XL: |  1  2  3  4 |
---------------+-------------+-----
Maces & Flails | 4 5 |  5.2
Fighting       | |  2.1
Throwing       | |  1.7
Dodging        | |  2.4

Action                   |  1- 3 |  4- 6 || total
-------------------------+-------+-------++-------
Melee: Flail             |    81 |    83 ||   164
 Stab: Paralysed         |       |     1 ||     1
  Eat: Chunk             |       |     2 ||     2
Armor: Leather armour    |    37 |    27 ||    64
Dodge: Dodged            |    66 |    38 ||   104
Block: Buckler           |     1 |    13 ||    14
